 Dungeon Crawl Stone Soup version 0.21-a0-274-gc1afaeb (webtiles) character file.

5457 xnavy the Spear-Bearer (level 10, -4/79 HPs)
             Began as a Merfolk Hunter on Sept 19, 2017.
             Was an Initiate of Fedhas.
             Killed from afar by an electric eel (9 damage)
             ... with a bolt of electricity
             ... on level 9 of the Dungeon.
             The game lasted 00:55:41 (11846 turns).

xnavy the Spear-Bearer (Merfolk Hunter)            Turns: 11846, Time: 00:55:42

Health: -4/79      AC:  9    Str: 13    XL:     10   Next: 68%
Magic:  16/16      EV: 24    Int: 13    God:    Fedhas [......]
Gold:   1193       SH:  4    Dex: 23    Spells: 9/9 levels left

rFire    . . .     SeeInvis .   a - +0 trident
rCold    . . .     Gourm    .   y - +0 buckler
rNeg     . . .     Faith    .   g - +0 scale mail
rPois    .         Spirit   .   D - +0 helmet
rElec    .         Reflect  .   h - +1 cloak {+Inv}
rCorr    .         Harm     .   (no gloves)
MR       .....                  (boots currently unavailable)
Stlth    +++++.....             z - amulet of rage {+Rage, !d}
HPRegen  0.23/turn              u - +3 ring of intelligence
MPRegen  0.15/turn              (no ring)

@: agile, very quick
A: change form in water, swift swim, stealthy swim
a: Fungal Bloom, Renounce Religion, Evoke Berserk Rage, Evoke Invisibility


You were on level 9 of the Dungeon.
You worshipped Fedhas.
Fedhas was noncommittal.
You were not hungry.

You visited 2 branches of the dungeon, and saw 10 of its levels.
You also visited: Bailey.

You collected 1193 gold pieces.

Inventory:

Hand Weapons
 a - a +0 trident (weapon)
   (You took it off a gnoll sergeant on level 6 of the Dungeon)
 b - a +0 blowgun
   (You took it off a kobold on level 4 of the Dungeon)
 n - the +9 dagger of Ulia {freeze, Dex+5}
   (You found it on level 9 of the Dungeon)

   It has been specially enchanted to freeze those struck by it, causing extra
   injury to most foes and up to half again as much damage against particularly
   susceptible opponents.
   It can also slow down cold-blooded creatures.
   It affects your dexterity (+5).
 I - a +3 quarterstaff of chaos
   (You took it off Crazy Yiuf on level 7 of the Dungeon)
 N - a +0 halberd
   (You took it off a gnoll in a bailey)
 O - a +0 halberd
   (You took it off a gnoll in a bailey)
 P - a +0 glaive
   (You took it off a gnoll sergeant in a bailey)
 U - a +0 dagger of venom
   (You took it off an orc wizard on level 9 of the Dungeon)
Missiles
 c - 6 javelins
 d - 9 tomahawks
 e - 45 poisoned needles
 i - 7 throwing nets {=f, !d}
 q - 193 stones (quivered)
 V - 4 exploding tomahawks
Armour
 g - a +0 scale mail (worn)
   (You found it on level 1 of the Dungeon)
 h - a +1 cloak of invisibility (worn)
   (You found it on level 5 of the Dungeon)
 x - a +0 pair of boots (melded)
   (You found it on level 3 of the Dungeon)
 y - a +0 buckler (worn)
   (You found it on level 3 of the Dungeon)
 D - a +0 helmet (worn)
   (You found it on level 4 of the Dungeon)
 Q - a cursed +0 plate armour
   (You took it off a gnoll sergeant in a bailey)
Jewellery
 u - a +3 ring of intelligence (left hand)
   (You found it on level 5 of the Dungeon)
 z - an amulet of rage (around neck) {+Rage, !d}
   (You took it off an orc on level 3 of the Dungeon)
Wands
 l - a wand of confusion (20/48)
   (You found it on level 7 of the Dungeon)
 v - a wand of iceblast (15/15)
   (You found it on level 3 of the Dungeon)
 C - a wand of lightning (3/15)
   (You took it off a kobold on level 4 of the Dungeon)
 S - a wand of confusion (29/48)
   (You found it on level 9 of the Dungeon)
Scrolls
 o - 2 scrolls of immolation {!r}
 r - 3 scrolls of teleportation
 w - 5 scrolls of remove curse
 H - a scroll of fear
 J - a scroll of amnesia
 T - a scroll of identify
Potions
 k - 2 potions of brilliance
 m - a potion of mutation {!q}
 p - a potion of cancellation
 s - a potion of lignification {!q}
 t - a potion of flight
 K - a potion of berserk rage {unknown}
 L - a potion of haste
Books
 B - a book of Necromancy
   (You found it on level 8 of the Dungeon)
 E - a book of Callings
   (You found it on level 6 of the Dungeon)
 F - a book of Conjurations
   (You found it on level 6 of the Dungeon)
Miscellaneous
 R - a lightning rod (4/4)
   (You found it in a bailey)
Comestibles
 f - 5 bread rations {@e1}
 j - 5 fruits
 A - 4 meat rations {@e2}
 M - 4 royal jellies


   Skills:
 + Level 7.1 Fighting
 * Level 11.6 Polearms
 - Level 4.2 Throwing
 + Level 8.6 Dodging
 + Level 7.4 Stealth
 * Level 8.0 Invocations


You had 9 spell levels left.
You didn't know any spells.

Dungeon Overview and Level Annotations

Branches:
Dungeon (9/15)             Temple (1/1) D:5            Lair (0/6) D:8
    Orc (0/2) D:9

Altars:
Ashenzari
Cheibriados
Dithmenos
Elyvilon
Fedhas
Gozag
Hepliaklqana
Kikubaaqudgha
Makhleb
Nemelex Xobeh
Okawaru
Qazlal
Ru
Sif Muna
Trog
Uskayaw
Vehumet
Wu Jian
Xom
Yredelemnul
Zin
The Shining One
Lugonu

Shops:
D:4 [   D:7 =


Message History

a whip; a ring mail; a scale mail; a hand axe; an orc skeleton x2
You swap places.
You swap places.
Things that are here:
a dagger; an orc skeleton
There is an open door here.
Your legs become a tail as you enter the water.
Your +0 pair of boots melds into your body.
Your +0 pair of boots unmelds from your body.
You now have 1193 gold pieces (gained 17).
You open the door.
There is an open door here.
You open the door.
There is an open door here.
An electric eel comes into view.
You see here 15 gold pieces.
MP restored: 16 The electric eel shoots out a bolt of lightning at you!
The bolt of electricity hits you!
You hear a shout!
You take 8 damage, and have 71/79 hp.
The electric eel shoots out a bolt of lightning at you!
The bolt of electricity hits you!
You take 5 damage, and have 66/79 hp.
An orc wizard comes into view. It is wielding a dagger.
The orc wizard shouts!
The electric eel shoots out a bolt of lightning at you!
The bolt of electricity hits you!
You take 10 damage, and have 56/79 hp.
Your legs become a tail as you enter the water.
Your +0 pair of boots melds into your body.
The electric eel shoots out a bolt of lightning at you!
The bolt of electricity hits you!
You take 6 damage, and have 50/79 hp.
Attack whom?
Aim: an electric eel (water)
You reach to attack!
Your scale mail prevents you from hitting the electric eel.
Attack whom?
Aim: an electric eel (water)
You reach to attack!
You hit the electric eel.
The electric eel shoots out a bolt of lightning at you!
The bolt of electricity hits you!
An electric eel comes into view.
You take 8 damage, and have 43/79 hp.
Attack whom?
Aim: an electric eel (water, lightly wounded)
You reach to attack!
You hit the electric eel.
The electric eel shoots out a bolt of lightning at you!
The bolt of electricity misses the electric eel.
The bolt of electricity hits you!
You take 13 damage, and have 30/79 hp.
You puncture the electric eel!
You kill the electric eel!
You hear a splash.
The orc wizard misses you.
You barely miss the orc wizard. You puncture the orc wizard!
The orc wizard hits you but does no damage.
You closely miss the orc wizard. The orc wizard closely misses you.
You puncture the orc wizard!
You kill the orc wizard!
Attack whom?
Aim: an electric eel (water)
You reach to attack!
You miss the electric eel.
Attack whom?
Aim: an electric eel (water)
You reach to attack!
You closely miss the electric eel.
The electric eel shoots out a bolt of lightning at you!
The bolt of electricity hits you!
* * * LOW HITPOINT WARNING * * *
You take 10 damage, and have 21/79 hp.
You are too injured to fight recklessly!
You are too injured to fight recklessly!
You are too injured to fight recklessly!
Attack whom?
Aim: an electric eel (water)
You reach to attack!
You miss the electric eel.
Attack whom?
Aim: an electric eel (water)
You hit the electric eel but do no damage.
The electric eel shoots out a bolt of lightning at you!
The bolt of electricity hits you!
* * * LOW HITPOINT WARNING * * *
You take 7 damage, and have 14/79 hp.
You feel agile all of a sudden.
You miss the electric eel.
The electric eel shoots out a bolt of lightning at you!
The bolt of electricity misses you.
You puncture the electric eel!
Your tail-slap misses the electric eel.
You completely miss the electric eel.
The electric eel shoots out a bolt of lightning at you!
The bolt of electricity hits you!
* * * LOW HITPOINT WARNING * * *
You take 9 damage, and have 5/79 hp.
You hit the electric eel.
The electric eel shoots out a bolt of lightning at you!
The bolt of electricity hits you!
You die...
Fedhas appreciates your contribution to the ecosystem.

+##########**#####****≈≈,,*,,***
#.........,,,,,,,,,≈,*≈≈,,*,,,,*
#)........,,,,,,,,,***≈≈,,,,,*,*
f)).......8,,,,,,,,,>*≈≈,,,,**,**
#ff.P.....,,,,,,,,,***≈≈,,,,**,,*
#ff.......,,,,,,,,,≈,*≈≈,,,****,*
'#####################≈≈,,,****+*
≈≈≈≈≈≈≈≈≈≈≈≈≈≈≈≈≈≈≈≈≈≈≈≈,,,,,,,,,
≈≈≈≈≈≈≈≈≈≈≈≈≈≈≈≈@;≈≈≈≈≈≈,,,,,,,,,
.................).$....,,,,,,,,,
.f......................,,,,,,,,,
...f######........######,,,,,,,,,
....'..# #........#*****,,,,,,,,,
....##.###........+,,,,+,,,,,,,,,
###.##...f....$...#*****,,,,,,,,,
#.######........# *,,,,,,,,,, #.#
#####+#### *,*,,**+***


You could see an electric eel and a friendly wandering mushroom.

Vanquished Creatures
  A two-headed ogre (D:8)
  A queen bee (D:8)
  A hornet (D:8)
  A hippogriff (D:7)
  A steam dragon (D:8)
  An ice beast (D:8)
  2 sky beasts
  An orc warrior (D:9)
  3 ogres
  3 centaurs
  Blork the orc (D:5)
  5 gnoll sergeants
  A scorpion (D:4)
  A water moccasin skeleton (D:7)
  8 killer bees
  A wight (D:6)
  An electric eel (D:9)
  A howler monkey (D:7)
  A crimson imp (D:6)
  3 bullfrog skeletons
  5 hounds
  Crazy Yiuf (D:7)
  2 jellies (D:4)
  2 orc priests
  2 centaur skeletons (D:6)
  A gnoll shaman (Bailey)
  2 iguanas (D:5)
  4 orc wizards
  5 worker ants
  A hound skeleton (D:6)
  12 gnolls
  10 adders
  13 oozes
  2 adder skeletons (D:6)
  2 worms
  2 dart slugs
  4 leopard geckos
  17 orcs
  6 giant cockroaches
  15 goblins
  11 hobgoblins
  14 jackals
  16 kobolds
  4 quokkas
  7 bats
  8 frilled lizards
  A giant cockroach zombie (D:6)
  5 rats
212 creatures vanquished.

Vanquished Creatures (collateral kills)
  A two-headed ogre (D:8)
  A wandering mushroom (D:8)
  3 orc warriors
  An ice beast (D:8)
  A centaur (D:8)
  A bullfrog (D:7)
  6 gnoll sergeants (Bailey)
  A scorpion (D:6)
  9 killer bees
  A howler monkey (D:7)
  2 orc priests (D:7)
  5 gnoll shamans (Bailey)
  A hound (D:7)
  3 orc wizards
  6 gnolls (Bailey)
  2 shadow imps
  10 orcs
  4 jackals (D:7)
58 creatures vanquished.

Vanquished Creatures (others)
  A necrophage (D:8)
  A killer bee (D:8)
  10 wandering mushrooms
  103 toadstools
115 creatures vanquished.

Grand Total: 385 creatures vanquished

Notes
Turn   | Place    | Note
-------+----------+-------------------------------------------
     0 | D:1      | xnavy the Merfolk Hunter began the quest for the Orb.
     0 | D:1      | Reached XP level 1. HP: 16/16 MP: 1/1
   250 | D:1      | Reached XP level 2. HP: 22/23 MP: 2/2
   286 | D:1      | Reached skill level 3 in Dodging
   402 | D:1      | Reached XP level 3. HP: 13/28 MP: 3/3
   626 | D:1      | Reached skill level 3 in Fighting
   946 | D:1      | Reached skill level 1 in Polearms
  1182 | D:2      | Reached skill level 2 in Stealth
  1373 | D:2      | Reached XP level 4. HP: 35/35 MP: 4/4
  1632 | D:2      | Reached skill level 2 in Polearms
  1978 | D:2      | Reached XP level 5. HP: 29/41 MP: 5/5
  1979 | D:2      | Found an iron altar of Okawaru.
  2230 | D:2      | Found a shimmering altar of Xom.
  2639 | D:3      | Reached skill level 3 in Polearms
  2876 | D:3      | Reached skill level 4 in Dodging
  3220 | D:3      | Reached skill level 4 in Fighting
  3534 | D:4      | Found Kaitseno's Antique Armour Shoppe.
  3570 | D:4      | Reached skill level 3 in Stealth
  3716 | D:4      | Reached skill level 4 in Polearms
  3716 | D:4      | Reached XP level 6. HP: 41/48 MP: 6/6
  3788 | D:5      | Entered Level 5 of the Dungeon
  3884 | D:5      | Noticed Blork the orc
  3894 | D:5      | Killed Blork the orc
  3894 | D:5      | Reached skill level 5 in Polearms
  3894 | D:5      | Reached XP level 7. HP: 47/55 MP: 7/7
  3904 | D:5      | Found a staircase to the Ecumenical Temple.
  3920 | Temple   | Entered the Ecumenical Temple
  3931 | Temple   | Became a worshipper of Fedhas Madash
  3989 | D:4      | Reached skill level 5 in Dodging
  3989 | D:4      | Reached skill level 4 in Stealth
  4131 | D:4      | Reached skill level 6 in Polearms
  4188 | D:4      | Reached skill level 1 in Invocations
  5002 | D:5      | Reached skill level 2 in Invocations
  5069 | D:5      | Reached skill level 7 in Polearms
  5069 | D:5      | Reached XP level 8. HP: 27/61 MP: 9/9
  5400 | D:5      | Reached skill level 5 in Fighting
  5567 | D:6      | Found a bloodstained altar of Trog.
  5669 | D:6      | Found a shadowy altar of Dithmenos.
  5875 | D:6      | Reached skill level 6 in Dodging
  5936 | D:6      | Reached skill level 5 in Stealth
  5936 | D:6      | Reached skill level 3 in Invocations
  6135 | D:6      | HP: 15/62 [gnoll sergeant/trident (5)]
  6502 | D:6      | Reached skill level 8 in Polearms
  6763 | D:6      | Reached skill level 4 in Invocations
  6794 | D:6      | Found the +11 plutonium sword {*Contam Stlth-}
  6827 | D:6      | Reached * piety under Fedhas
  7007 | D:6      | Found an opulent altar of Gozag.
  7008 | D:6      | Found a glowing silver altar of Zin.
  7078 | D:6      | Reached XP level 9. HP: 69/69 MP: 12/12
  7412 | D:7      | Found a shadowy altar of Dithmenos.
  7818 | D:7      | Reached skill level 9 in Polearms
  7818 | D:7      | Reached skill level 7 in Dodging
  7880 | D:7      | Reached skill level 6 in Fighting
  7925 | D:7      | Found a snail-covered altar of Cheibriados.
  7926 | D:7      | Found a deep blue altar of Sif Muna.
  7934 | D:7      | Found a radiant altar of Vehumet.
  7947 | D:7      | Reached skill level 5 in Invocations
  7959 | D:7      | Found a burning altar of Makhleb.
  7961 | D:7      | Found an ornate altar of the Wu Jian Council.
  7961 | D:7      | Found a shattered altar of Ashenzari.
  7961 | D:7      | Found a hazy altar of Hepliaklqana.
  7961 | D:7      | Found a sacrificial altar of Ru.
  7964 | D:7      | Found a hide-covered altar of Uskayaw.
  7966 | D:7      | Found a stormy altar of Qazlal.
  8029 | D:7      | Found Xumaffuo's Jewellery Emporium.
  8125 | D:7      | Found a runed door.
  8325 | D:7      | Noticed Crazy Yiuf
  8331 | D:7      | Killed Crazy Yiuf
  8520 | D:8      | Noticed a hornet
  8539 | D:8      | Killed a hornet
  8539 | D:8      | Reached skill level 6 in Stealth
  8574 | D:8      | Noticed a two-headed ogre
  8591 | D:8      | HP: 16/70 [two-headed ogre/giant club (28)]
  8591 | D:8      | Killed a two-headed ogre
  8591 | D:8      | Reached skill level 10 in Polearms
  8591 | D:8      | Reached skill level 6 in Invocations
  8630 | D:8      | HP: 17/71 [killer bee (3)]
  8640 | D:8      | HP: 17/71 [killer bee (4)]
  8645 | D:8      | HP: 13/71 [poisoned by a killer bee]
  8650 | D:7      | HP: 10/71 [poisoned by a killer bee]
  8656 | D:7      | HP: 9/71 [poisoned by a killer bee]
  8662 | D:7      | HP: 8/71 [poisoned by a killer bee]
  8670 | D:7      | HP: 8/71 [poisoned by a killer bee]
  9063 | D:8      | Reached XP level 10. HP: 77/77 MP: 14/14
  9124 | D:8      | Reached skill level 8 in Dodging
  9144 | D:8      | HP: 19/77 [killer bee (3)]
  9150 | D:8      | HP: 16/77 [poisoned by a killer bee]
  9156 | D:8      | HP: 9/77 [killer bee (6)]
  9159 | D:8      | HP: 2/77 [killer bee (7)]
  9759 | D:8      | Noticed a two-headed ogre
 10032 | D:8      | HP: 19/77 [two-headed ogre/giant club (25)]
 10034 | D:8      | Killed a two-headed ogre
 10034 | D:8      | Reached skill level 7 in Stealth
 10034 | D:8      | Reached skill level 7 in Invocations
 10050 | D:8      | Reached skill level 11 in Polearms
 10304 | D:8      | Found a staircase to the Lair.
 10467 | D:9      | Got a smoking dagger
 10470 | D:9      | Identified the +9 dagger of Ulia {freeze, Dex+5} (You found it on level 9 of the Dungeon)
 10525 | D:9      | Found a flagged portal.
 10537 | Bailey   | Entered a bailey
 10959 | Bailey   | Reached skill level 7 in Fighting
 11773 | D:9      | Reached skill level 8 in Invocations
 11841 | D:9      | HP: 14/79 [electric eel/bolt of electricity (8)]
 11845 | D:9      | HP: 5/79 [electric eel/bolt of electricity (9)]
 11846 | D:9      | Killed from afar by an electric eel

Vault maps used:
D:1:      shiori_arrival_maze
D:2:      okawaru_altar_gauntlet_db, serial_bayou, serial_bayou_pond_c,
          serial_bayou_pond_e, serial_bayou_shore_b, serial_bayou_pond_e,
          first_bread, xom_teletrap_fun
D:3:      minmay_stone_trees_medium, minmay_surrounded
D:4:      cheibrodos_fertilizer, serial_shops, shop, st_stairs_13
D:5:      minmay_temple_entry_trees, uniq_blork_the_orc
D:6:      grunt_temple_overflow_gold_and_silver, bloody_trog, basic_altar,
          sword_in_stone
D:7:      minitemple, nicolae_dithmenos_shadow_blocks, serial_shops,
          nicolae_shop_behind_doors, uniq_crazy_yiuf_cottage
D:8:      lair_entry_dummy, serial_glass, glass_columns_a, glass_columns_b,
          glass_columns_a, david_nohive_1
D:9:      erik_orc_2, enter_bailey_3
Temple:   corrupted_temple
Bailey:   bailey_polearm_gnolls_kennysheep, bailey

Skill      XL: |  1  2  3  4  5  6  7  8  9 10 |
---------------+-------------------------------+-----
Dodging        | 3 4 5 6 7 8 |  8.6
Fighting       | 3 4 5 6 7 |  7.1
Polearms       | 1 2 4 5 7 8 10 11 | 11.6
Stealth        | 2 3 4 5 6 7 |  7.4
Invocations    | 2 4 6 8 |  8.0
Throwing       | |  4.2

Action                   |  1- 3 |  4- 6 |  7- 9 | 10-12 || total
-------------------------+-------+-------+-------+-------++-------
Melee: Short sword       |    25 |       |       |       ||    25
       Spear             |   112 |   290 |   349 |       ||   751
       Trident           |       |       |   150 |   306 ||   456
Throw: Javelin           |     8 |     4 |     6 |     6 ||    24
       Stone             |     4 |    59 |   193 |   101 ||   357
       Throwing net      |       |     2 |       |       ||     2
       Tomahawk          |       |       |     4 |     1 ||     5
Invok: Fungal Bloom      |       |       |    27 |    19 ||    46
       Evolution         |       |       |     8 |     8 ||    16
 Abil: Evoke Invisibilit |       |       |       |     2 ||     2
Evoke: Wand              |       |       |     1 |       ||     1
  Use: Scroll            |       |    11 |     6 |     3 ||    20
       Potion            |       |     2 |     5 |     6 ||    13
 Stab: Held in net/web   |       |     3 |       |       ||     3
       Confused          |       |       |     3 |     8 ||    11
       Distracted        |       |       |     1 |     1 ||     2
       Invisible         |       |       |       |     6 ||     6
       Sleeping          |       |       |       |     4 ||     4
  Eat: Chunk             |     2 |     8 |    13 |     4 ||    27
       Royal jelly       |       |       |     2 |     3 ||     5
Armor: Leather armour    |    24 |       |       |       ||    24
       Scale mail        |    10 |   101 |    89 |    47 ||   247
       Skin              |       |       |     9 |       ||     9
Dodge: Dodged            |    81 |   131 |   142 |   150 ||   504
Block: Buckler           |       |    19 |    41 |    27 ||    87

Table legend:
 A = Spawn XP
 B = Non-spawn XP
 C = Spawn XP percentage of total XP
 D = Spawn monster count
 E = Non-spawn monster count
 F = Spawn count percentage of total count
 G = Total turns spent on level
                    A         B        C        D         E        F      G
               +---------+---------+-------+---------+---------+-------+---------
         Total |       0 |    7796 |   0.0 |       0 |     269 |   0.0 | 11846
               +---------+---------+-------+---------+---------+-------+---------
           D:1 |       0 |      66 |   0.0 |       0 |      26 |   0.0 |  1151
           D:2 |       0 |     103 |   0.0 |       0 |      29 |   0.0 |  1273
           D:3 |       0 |     108 |   0.0 |       0 |      29 |   0.0 |  1064
           D:4 |       0 |     420 |   0.0 |       0 |      32 |   0.0 |  1032
           D:5 |       0 |     670 |   0.0 |       0 |      12 |   0.0 |   989
           D:6 |       0 |    1030 |   0.0 |       0 |      24 |   0.0 |  1673
           D:7 |       0 |     696 |   0.0 |       0 |      22 |   0.0 |  1491
           D:8 |       0 |    3131 |   0.0 |       0 |      33 |   0.0 |  1725
           D:9 |       0 |     771 |   0.0 |       0 |      32 |   0.0 |   701
        Bailey |       0 |     801 |   0.0 |       0 |      30 |   0.0 |   718
               +---------+---------+-------+---------+---------+-------+---------

Vault maps used:
D:1:      shiori_arrival_maze
D:2:      okawaru_altar_gauntlet_db, serial_bayou, serial_bayou_pond_c,
          serial_bayou_pond_e, serial_bayou_shore_b, serial_bayou_pond_e,
          first_bread, xom_teletrap_fun
D:3:      minmay_stone_trees_medium, minmay_surrounded
D:4:      cheibrodos_fertilizer, serial_shops, shop, st_stairs_13
D:5:      minmay_temple_entry_trees, uniq_blork_the_orc
D:6:      grunt_temple_overflow_gold_and_silver, bloody_trog, basic_altar,
          sword_in_stone
D:7:      minitemple, nicolae_dithmenos_shadow_blocks, serial_shops,
          nicolae_shop_behind_doors, uniq_crazy_yiuf_cottage
D:8:      lair_entry_dummy, serial_glass, glass_columns_a, glass_columns_b,
          glass_columns_a, david_nohive_1
D:9:      erik_orc_2, enter_bailey_3
Temple:   corrupted_temple
Bailey:   bailey_polearm_gnolls_kennysheep, bailey

Table legend:
 A = Turns spent in this place as a percentage of turns spent in the entire game.
 B = Non-inter-level travel turns spent in this place as a percentage of non-inter-level travel turns spent in the entire game.
 C = Inter-level travel turns spent in this place as a percentage of turns spent in this place.
 D = Turns resting spent in this place as a percentage of non-inter-level travel turns spent in this place.
 E = Turns spent auto-exploring this place as a percentage of non-inter-level travel turns spent in this place.
 F = Non-inter-level travel turns spent in this place divided by the number of levels of this place that you've seen.
                   A       B       C       D       E      F
               +-------+-------+-------+-------+-------+----------------------
         Total | 100.0 | 100.0 |   1.9 |  26.5 |  42.5 | 1056.2
       Dungeon |  93.7 |  93.6 |   2.0 |  27.5 |  44.7 | 1208.6
        Temple |   0.2 |   0.2 |  20.7 |   0.0 |  26.1 |  23.0
        Bailey |   6.1 |   6.2 |   0.0 |  12.1 |   9.5 | 718.0
               +-------+-------+-------+-------+-------+----------------------

Table legend:
 A = Kills in this place as a percentage of kills in entire the game.
 B = Kills by you in this place as a percentage of kills by you in the entire game.
 C = Kills by friends in this place as a percentage of kills by friends in the entire game.
 D = Other kills in this place as a percentage of other kills in the entire game.
 E = Experience gained in this place as a percentage of experience gained in the entire game.
 F = Experience gained in this place divided by the number of levels of this place that you have seen.
                   A       B       C       D       E      F
               +-------+-------+-------+-------+-------+----------------------
         Total | 100.0 | 100.0 | 100.0 | 100.0 | 100.0 | 708.7
       Dungeon |  88.8 |  94.3 |  70.2 |   0.0 |  89.7 | 777.2
        Bailey |  11.2 |   5.7 |  29.8 | 100.0 |  10.3 | 801.0
               +-------+-------+-------+-------+-------+----------------------
